 Dungeon Crawl Stone Soup version 0.18-b1-10-g3f7de93 (webtiles) character file.

446456 varam the Conqueror (level 23, -4/240 HPs)
             Began as a Minotaur Berserker on Apr 29, 2016.
             Was the Champion of Trog.
             Hit by a large rock thrown by a stone giant (26 damage)
             ... on level 4 of the Vaults.
             The game lasted 04:42:25 (48809 turns).

varam the Conqueror (Minotaur Berserker)           Turns: 48809, Time: 04:42:27

Health: -4/240     AC: 29    Str: 33    XL:     23   Next: 11%
Magic:  31/31      EV: 15    Int:  4    God:    Trog [******]
Gold:   1631       SH:  0    Dex: 16    Spells: 0 memorised, 22 levels left

rFire  + + .     SeeInvis +     w - +9 lajatang (speed)
rCold  + . .     Gourm    .     c - +2 plate armour {rF+}
rNeg   + . .     Faith    .     (shield currently unavailable)
rPois  +         Spirit   .     y - -2 hat of the Alchemist {rElec rPois rF+ rC+ rN+ MR+ rMut rCorr}
rElec  +         Dismiss  .     j - +2 cloak {MR+}
rCorr  +         Reflect  .     H - +0 pair of gloves
rMut   +         Harm     +     n - +2 pair of boots {Fly}
SustAt .                        Y - amulet of the Duke {Harm *Drain MR- Str+2 SInv Stlth+}
MR     +++..                    x - ring "Okham" {rElec Dex+5 Stlth+}
Stlth  ..........               O - ring "Basmetast" {MR+ MP+9}

@: about to teleport, marked, flying, extremely resistant to hostile
enchantments, extremely unstealthy
A: retaliatory headbutt, horns 2
a: Berserk, Trog's Hand, Brothers in Arms, Burn Spellbooks, Renounce Religion,
Stop Flying
}: 2/15 runes: barnacled, gossamer


You were on level 4 of the Vaults.
You worshipped Trog.
Trog was exalted by your worship.
You were near starving.

You visited 6 branches of the dungeon, and saw 38 of its levels.
You also visited: Labyrinth, Ossuary, Bailey and Ice Cave.

You collected 3752 gold pieces.
You spent 2121 gold pieces at shops.

Inventory:

Hand Weapons
 b - the +3 quarterstaff "Oboacen" {freeze, rN+}
   (Trog gifted it to you on level 4 of the Lair of Beasts)

   It has been specially enchanted to freeze those struck by it, causing extra
   injury to most foes and up to half again as much damage against particularly
   susceptible opponents.
   It can also slow down cold-blooded creatures.
   It protects you from negative energy.
 s - the +10 lajatang "Opuntif" {elec, SInv}
   (You acquired it on level 1 of the Shoals)

   Occasionally, upon striking a foe, it will discharge some electrical energy
   and cause terrible harm.
   It lets you see invisible.
 w - a +9 lajatang of speed (weapon)
 z - a +6 executioner's axe of flaming
Armour
 c - a +2 plate armour of fire resistance (worn)
 j - a +2 cloak of magic resistance (worn)
 n - a +2 pair of boots of flying (worn)
 y - the -2 hat of the Alchemist (worn) {rElec rPois rF+ rC+ rN+ MR+ rMut rCorr}
   (You found it on level 5 of the Dungeon)

   It protects you from fire.
   It protects you from cold.
   It insulates you from electricity.
   It protects you from poison.
   It protects you from negative energy.
   It affects your resistance to hostile enchantments.
   It protects you from acid and corrosion.
   It protects you from mutation.
 C - a +4 chain mail of cold resistance
 H - a +0 pair of gloves (worn)
 I - a +1 plate armour of positive energy
 U - a +4 scale mail of fire resistance
 Z - a +0 large shield of protection
Rods
 G - a +2 rod of clouds (12/12)
   (You bought it in a shop on level 2 of the Orcish Mines)
 N - a +8 iron rod (13/13)
   (You found it in a labyrinth)
Jewellery
 q - the ring of Zisec {rPois rN+ Stlth+}
   (You acquired it on level 3 of the Shoals)

   [ring of positive energy]

   It protects you from poison.
   It protects you from negative energy.
   It makes you more stealthy.
 x - the ring "Okham" (right hand) {rElec Dex+5 Stlth+}
   (You found it on level 8 of the Lair of Beasts)

   [ring of dexterity]

   It affects your dexterity (+5).
   It insulates you from electricity.
   It makes you more stealthy.
 E - a +3 ring of intelligence
 F - a +3 ring of protection
 M - an uncursed ring of resist corrosion
 O - the ring "Basmetast" (left hand) {MR+ MP+9}
   (You acquired it on level 4 of the Vaults)

   [ring of protection from magic]

   It affects your resistance to hostile enchantments.
   It affects your magic capacity (+9).
 S - an uncursed amulet of harm {unknown}
 T - a +6 ring of protection
 Y - the amulet of the Duke (around neck) {Harm *Drain MR- Str+2 SInv Stlth+}
   (You found it on level 3 of the Shoals)

   [amulet of harm]

   It increases damage dealt and taken.
   It affects your strength (+2).
   It affects your resistance to hostile enchantments.
   It lets you see invisible.
   It makes you more stealthy.
Wands
 A - a wand of enslavement (11/24)
 J - a wand of heal wounds (4/9)
 Q - a wand of digging (9/24)
 X - a wand of enslavement (5/24)
Scrolls
 a - 2 scrolls of magic mapping
 d - 6 scrolls of remove curse
 e - 10 scrolls of teleportation
 g - 4 scrolls of recharging
 i - a scroll of holy word
 k - 3 scrolls of immolation
 r - a scroll of brand weapon
 t - 10 scrolls of fog
 u - 6 scrolls of blinking
 v - a scroll of fear
Potions
 f - 4 potions of ambrosia
 h - 15 potions of curing
 m - 2 potions of cancellation
 o - 4 potions of haste
 B - 3 potions of might
 D - 6 potions of heal wounds
 L - 3 potions of invisibility
 V - 5 potions of agility
 W - a potion of cure mutation
Miscellaneous
 K - an ornate deck of war
 P - a fan of gales
Comestibles
 l - 4 fruits
 R - 3 bread rations


   Skills:
 O Level 27 Fighting
 - Level 17.9(18.1) Axes
   Level 5.7(16.6) Maces & Flails
 - Level 17.0(17.3) Staves
 + Level 21.6 Armour
 - Level 10.0 Dodging
 - Level 10.7 Shields


You had 22 spell levels left.
You didn't know any spells.

Dungeon Overview and Level Annotations

Branches:
Dungeon (15/15)            Temple (0/1) D:6            Lair (8/8) D:11
 Shoals (4/4) Lair:4       Spider (4/4) Lair:4        Slime (0/6) Lair:6
    Orc (2/2) D:9             Elf (0/3) Orc:2        Vaults (5/5) D:14
  Crypt (0/3) Vaults:3
 Depths: D:15

Altars:
Ashenzari
Cheibriados
Dithmenos
Elyvilon
Gozag
Kikubaaqudgha
Makhleb
Okawaru
Qazlal
Sif Muna
Vehumet
Xom
Yredelemnul
The Shining One
Beogh

Shops:
D:10 }*   Orc:2 (}*[   Shoals:2 *[}:   Vaults:2 (   Vaults:4 *


Innate Abilities, Weirdness & Mutations

You reflexively headbutt those who attack you in melee.
You have a pair of horns on your head.


Message History

The deep troll claws you!
* * * LOW HITPOINT WARNING * * *
Read which item? (? for menu, Esc to quit)
As you read the scroll of teleportation, it crumbles to dust.
You feel strangely unstable. The deep troll completely misses you.
The deep troll misses you. The deep troll barely misses you.
The stone giant throws a large rock.
The large rock hits you!
* * * LOW HITPOINT WARNING * * *
The deep troll closely misses you. You furiously retaliate!
You headbutt the deep troll, but do no damage.
The deep troll completely misses you.
The deep troll claws you but does no damage.
Drink which item? (? for menu, Esc to quit)
You feel much better. The deep troll bites you!
* * * LOW HITPOINT WARNING * * *
The deep troll misses you. The deep troll barely misses you.
The orc knight hits you but does no damage.
The yaktaur shoots a bolt.
The bolt misses you.
The stone giant throws a large rock.
The large rock hits you!!
You die...

....................# #........#
....................# #...[....#
..#########.......^.# #........#
..#.......#.........# #........#
..#.......#.........# #........#
..#.......#.........# #........#
<.#.......#......(..# #........#
..#.......#....oT...# #........#
..#.......#....T@)..#####'#######
..'.......#.......).#......#
..#.......#.......).#..[...#
..#.......#.........#..>...######
..#.......#.......(.#..†...'.....
..#.......#...c.....#......#.....
..#########........†C......#....>
....................########.....
....................# #.....


You could see a stone giant, an orc knight, 2 deep trolls and a yaktaur.

Vanquished Creatures
  Norris (Vaults:2)
  Margery (Vaults:3)
  Saint Roka (Vaults:2)
  A golden dragon (Vaults:5)
  Nikola (Shoals:4)
  A lich (Vaults:1)
  A tentacled monstrosity (Vaults:5)
  2 quicksilver dragons (Vaults:5)
  A titan (Vaults:5)
  Gastronok (Lair:1)
  Agnes (D:15)
  Kirke (Shoals:1)
  2 sphinxes
  2 tengu reavers
  2 storm dragons (Vaults:5)
  The ghost of ThereIsNoGod the Severer, an adept DsGl of Okawaru (Shoals:4)
  2 shadow dragons (Vaults:5)
  2 fire giants
  Donald (Shoals:4)
  Ilsuiw (Shoals:4)
  5 frost giants
  4 deep elf sorcerers
  9 vault wardens
  4 ghost moths (Spider:4)
  Louise (Shoals:1)
  8 emperor scorpions
  Aizul (Spider:3)
  2 orc warlords
  15 ironheart preservers
  7 very ugly things
  6 stone giants
  A war gargoyle (Vaults:5)
  Nessos (D:15)
  A deep elf annihilator (Vaults:5)
  A dire elephant (Lair:7)
  A salamander stormcaller (Vaults:2)
  4 ettins
  15 merfolk impalers
  2 blizzard demons (IceCv)
  5 merfolk javelineers (Shoals:4)
  32 vault guards
  A crystal guardian (Vaults:5)
  An eidolon (Vaults:3)
  A deep elf death mage (Vaults:4)
  A minotaur (Lab)
  An entropy weaver (Spider:2)
  A fire dragon (Vaults:4)
  4 yaktaur captains
  3 great orbs of eyes
  10 hydras
  4 merfolk avatars
  7 ogre magi
  13 centaur warriors
  A catoblepas (Lair:4)
  2 satyrs
  4 merfolk aquamancers
  2 alligator snapping turtles (Shoals:4)
  A queen ant (Spider:4)
  A deep troll shaman (Vaults:1)
  4 orc high priests (Orc:2)
  3 death yaks
  4 deep troll earth magi
  4 hell knights (Vaults:3)
  3 deep elf knights
  Sonja (Orc:2)
  2 shadow wraiths
  20 deep trolls
  The ghost of RudyRod the Magician, a novice DsFE of Vehumet (D:7)
  2 unseen horrors (Vaults:1)
  A giant orange brain (Vaults:3)
  15 sea snakes
  A deep troll (shapeshifter) (Vaults:5)
  4 deep elf archers
  2 flayed ghosts
  A golden dragon skeleton (Vaults:5)
  5 hill giants
  A lindwurm (Lair:7)
  8 ironbrand convokers
  26 orc knights
  10 orc sorcerers
  An anubis guard (shapeshifter) (Vaults:5)
  12 harpies
  21 ugly things
  Pikel (D:5)
  34 wolf spiders
  10 griffons
  4 necromancers
  2 tengu skeletons (Vaults:5)
  6 wizards
  17 orb spiders
  11 deep elf magi
  10 cyclopes
  11 manticores
  4 salamanders (Vaults:2)
  The ghost of dvd the Covert, a novice SpEn of Dithmenos (Bailey)
  A stone giant skeleton (Vaults:4)
  A salamander (shapeshifter) (D:14)
  7 hornets
  A moth of wrath (Spider:3)
  Joseph (D:8)
  A frost giant skeleton (Vaults:5)
  8 fauns
  Maurice (Orc:2)
  24 elephants
  2 naga magi (Vaults:1)
  5 ice statues
  5 black mambas
  13 sirens
  An octopode (shapeshifter) (D:15)
  2 guardian serpents (D:9)
  Psyche (D:11)
  2 centaur skeletons
  2 gargoyles
  3 torpor snails
  2 black mambas (shapeshifter)
  4 water nymphs
  10 vault sentinels
  7 komodo dragons
  32 spiny frogs
  A kobold demonologist (D:14)
  2 rime drakes
  25 yaktaurs
  A human skeleton (Vaults:5)
  6 demonic crawlers
  A golden dragon simulacrum (IceCv)
  8 ice devils (IceCv)
  3 freezing wraiths
  5 trolls
  23 merfolk
  10 two-headed ogres
  A polar bear (shapeshifter) (Vaults:3)
  The ghost of syage the Covered, an amateur DsFi (D:4)
  2 giant leeches (Lair:8)
  38 jumping spiders
  2 wind drakes (Shoals:2)
  A two-headed ogre (shapeshifter) (Vaults:4)
  A wind drake (shapeshifter) (D:14)
  9 slime creatures
  17 blink frogs
  12 snapping turtles
  4 boulder beetles
  A frost giant simulacrum (Vaults:4)
  A stone giant simulacrum (Vaults:4)
  2 shadows (Lab)
  12 water elementals
  A tarantella (shapeshifter) (Vaults:4)
  58 redbacks
  A spriggan (D:11)
  A dire elephant simulacrum (IceCv)
  A wraith (Vaults:3)
  36 yaks
  A human (shapeshifter) (Vaults:4)
  39 tarantellas
  2 wyverns
  4 hogs (Shoals:1)
  6 basilisks
  2 basilisks (shapeshifter)
  15 vampire mosquitoes
  9 hippogriffs
  2 iron troll simulacra (IceCv)
  A mottled dragon (Vaults:2)
  An ogre zombie (Vaults:1)
  9 wargs
  3 harpy simulacra (IceCv)
  18 water moccasins
  24 soldier ants
  2 hydra simulacra (IceCv)
  8 porcupines
  75 orc warriors
  2 black bears
  5 sky beasts
  An eye of draining (D:13)
  A necrophage (D:9)
  4 ice beasts
  A slave (D:5)
  2 wasps
  2 ettin simulacra
  An eye of draining (shapeshifter) (Vaults:4)
  55 ogres
  5 boggarts (Vaults:3)
  24 wolves
  31 centaurs
  An elf zombie (Ossuary)
  8 crocodiles
  An elf simulacrum (Vaults:4)
  Blork the orc (D:5)
  2 big kobolds
  34 giant frogs
  A wyvern zombie (D:13)
  28 killer bees
  6 scorpions
  2 human simulacra
  9 wights
  12 electric eels
  6 howler monkeys
  A giant frog zombie (D:11)
  3 centaur zombies
  7 crimson imps
  7 human zombies
  8 hounds
  18 jellies
  44 orc priests
  13 iguanas
  20 orc wizards
  29 worker ants
  21 sheep
  A big kobold zombie (Ossuary)
  A hound zombie (Ossuary)
  4 mummies (Ossuary)
  A worker ant zombie (D:11)
  5 gnolls
  14 adders
  37 river rats
  3 shadow imps
  An ooze (D:5)
  2 adder zombies (Ossuary)
  A worm (D:2)
  A dart slug (D:1)
  4 giant geckos
  163 orcs
  A ball python (D:5)
  5 giant cockroaches
  12 goblins
  5 hobgoblins
  8 jackals
  7 quokkas
  6 bats
  2 giant gecko skeletons
  A giant newt (D:1)
  18 kobolds
  An orc zombie (Ossuary)
  A quokka skeleton (D:8)
  A quokka zombie (D:7)
  8 rats
  3 rat zombies (Ossuary)
  A bush (Lair:3)
  7 plants
1857 creatures vanquished.

Vanquished Creatures (collateral kills)
  An iron dragon (Vaults:5)
  An ironheart preserver (Vaults:5)
  An orc knight (Vaults:5)
  3 orb spiders
  2 orc sorcerers
  9 ugly things
  A manticore (D:15)
  A wolf spider (Spider:2)
  3 sirens
  A torpor snail (Spider:1)
  A demonic crawler (Spider:2)
  A yaktaur (Vaults:3)
  5 jumping spiders
  A merfolk (Shoals:1)
  5 redbacks
  A tarantella (Spider:1)
  A basilisk (D:15)
  An orc warrior (Vaults:1)
  An ogre (Vaults:5)
  A crocodile (D:15)
  A giant frog (D:15)
  2 orc wizards
  2 orcs
  A bat (D:3)
  A giant cockroach (D:3)
48 creatures vanquished.

Vanquished Creatures (others)
  A redback (Spider:2)
  An ogre (D:5)
  A centaur (D:5)
  A crimson imp (D:5)
  2 iguanas
  2 worker ants
  A worker ant zombie (D:5)
  An adder (D:5)
  2 giant geckos (D:5)
  An orc (D:5)
  2 jackals (D:5)
  2 quokka skeletons (D:5)
  5 fungi
  6 plants
28 creatures vanquished.

Grand Total: 1933 creatures vanquished

Notes
Turn   | Place    | Note
--------------------------------------------------------------
     0 | D:1      | varam the Minotaur Berserker began the quest for the Orb.
     0 | D:1      | Reached XP level 1. HP: 19/19 MP: 0/0
   438 | D:1      | Reached XP level 2. HP: 27/27 MP: 1/1
   441 | D:1      | Reached skill level 4 in Fighting
  1113 | D:2      | Found a shattered altar of Ashenzari.
  1128 | D:2      | Reached XP level 3. HP: 29/33 MP: 2/2
  1589 | D:2      | Reached ** piety under Trog
  1629 | D:2      | Found a stormy altar of Qazlal.
  1837 | D:2      | Reached XP level 4. HP: 41/41 MP: 3/3
  2235 | D:3      | Reached skill level 1 in Shields
  2413 | D:3      | Found a faded altar to an unknown god.
  2447 | D:3      | Reached skill level 5 in Axes
  2447 | D:3      | Reached XP level 5. HP: 47/47 MP: 4/4
  2736 | D:3      | Reached *** piety under Trog
  2808 | D:3      | Found a glowing golden altar of the Shining One.
  2965 | D:4      | Noticed an ogre
  2979 | D:4      | Killed an ogre
  2979 | D:4      | Reached skill level 5 in Fighting
  2979 | D:4      | Reached XP level 6. HP: 56/56 MP: 5/5
  3019 | D:4      | Noticed syage's ghost (amateur DsFi)
  3031 | D:4      | Killed syage's ghost
  3031 | D:4      | Reached XP level 7. HP: 61/61 MP: 6/6
  3174 | D:4      | Found a snail-covered altar of Cheibriados.
  3195 | D:4      | Reached skill level 5 in Armour
  3480 | D:5      | Entered Level 5 of the Dungeon
  3538 | D:5      | Noticed Blork the orc
  3538 | D:5      | Noticed Pikel
  3556 | D:5      | Killed Blork the orc
  3569 | D:5      | Killed Pikel
  3569 | D:5      | Reached skill level 6 in Fighting
  3569 | D:5      | Reached XP level 8. HP: 69/71 MP: 7/7
  3694 | D:5      | Found a shimmering altar of Xom.
  3751 | D:5      | Found an ancient bone altar of Kikubaaqudgha.
  3755 | D:5      | Found a deep blue altar of Sif Muna.
  3756 | D:5      | Found a radiant altar of Vehumet.
  3759 | D:5      | Identified Kikubaaqudgha's Papyrus of Necromancy
  3795 | D:5      | Reached skill level 5 in Shields
  3820 | D:5      | Found a burning altar of Makhleb.
  4046 | D:5      | Found an iron altar of Okawaru.
  4434 | D:6      | Reached skill level 7 in Fighting
  4455 | D:6      | Reached **** piety under Trog
  4515 | D:6      | Found a runed door.
  4520 | D:6      | Found a basalt altar of Yredelemnul.
  4933 | D:6      | Found a staircase to the Ecumenical Temple.
  5159 | D:7      | Found a white marble altar of Elyvilon.
  5223 | D:7      | Reached XP level 9. HP: 79/79 MP: 8/8
  5267 | D:7      | Found a sand-covered staircase.
  5274 | Ossuary  | Entered an ossuary
  5668 | D:7      | Noticed RudyRod's ghost (novice DsFE)
  5670 | D:7      | Reached skill level 10 in Axes
  5688 | D:7      | Killed RudyRod's ghost
  5688 | D:7      | Reached skill level 8 in Fighting
  5832 | D:7      | Got a crude large shield
  5845 | D:7      | Identified the +0 large shield of Gluttony {rElec rF+ MP+9} (You found it on level 7 of the Dungeon)
  6781 | D:8      | Found a basalt altar of Yredelemnul.
  6830 | D:8      | Reached ***** piety under Trog
  6830 | D:8      | Reached XP level 10. HP: 75/90 MP: 9/9
  7276 | D:8      | Noticed Joseph
  7302 | D:8      | Killed Joseph
  7302 | D:8      | Reached skill level 9 in Fighting
  7646 | D:9      | Noticed a guardian serpent
  7653 | D:9      | Killed a guardian serpent
  7745 | D:9      | Found a staircase to the Orcish Mines.
  7802 | D:9      | Found an opulent altar of Gozag.
  7852 | D:9      | Found a shadowy altar of Dithmenos.
  7910 | D:9      | Noticed a guardian serpent
  7923 | D:9      | Killed a guardian serpent
  8506 | D:9      | Found a shimmering altar of Xom.
  8767 | D:10     | Entered Level 10 of the Dungeon
  8880 | D:10     | Noticed a cyclops
  8905 | D:10     | Killed a cyclops
  9040 | D:10     | Reached XP level 11. HP: 81/97 MP: 10/10
  9115 | D:10     | Found Jifaris's Gadget Shop.
  9189 | D:10     | Found a flagged portal.
  9202 | Bailey   | Entered a bailey
  9294 | Bailey   | Noticed dvd's ghost (novice SpEn)
  9337 | Bailey   | Killed dvd's ghost
  9360 | Bailey   | Noticed an orc knight
  9370 | Bailey   | Noticed an orc knight
  9567 | D:10     | Received a gift from Trog
  9705 | D:10     | Got an ancient dagger
  9706 | D:10     | Identified the +3 dagger of Desperation {freeze, Str+3} (You found it on level 10 of the Dungeon)
  9946 | D:10     | Found Ephemiog's Assorted Antiques.
 10196 | D:11     | Noticed a centaur warrior
 10201 | D:11     | Killed a centaur warrior
 10201 | D:11     | Reached skill level 15 in Axes
 10616 | D:11     | Noticed Psyche
 10628 | D:11     | Killed Psyche
 10748 | D:11     | Found a staircase to the Lair.
 11767 | D:12     | Received a gift from Trog
 11906 | D:12     | Noticed a hill giant
 11917 | D:12     | Killed a hill giant
 12312 | D:13     | Reached XP level 12. HP: 105/105 MP: 11/11
 12721 | D:13     | Reached skill level 10 in Fighting
 12804 | D:13     | Found a labyrinth entrance.
 12810 | Lab      | Entered a labyrinth
 12920 | Lab      | Got an encrusted flail
 12921 | Lab      | Identified the +8 flail of Mutilation {flame, -Tele rN+ MR+} (You found it in a labyrinth)
 13006 | Lab      | Noticed a minotaur
 13014 | Lab      | Killed a minotaur
 13090 | Lab      | Got a shimmering scale mail
 13096 | Lab      | Identified the +1 scale mail "Ywomitz" {Str+3} (You found it in a labyrinth)
 13407 | D:13     | Noticed a centaur warrior
 13416 | D:13     | Killed a centaur warrior
 13416 | D:13     | Reached skill level 1 in Maces & Flails
 13416 | D:13     | Reached skill level 10 in Armour
 13486 | D:14     | Found a gate to the Vaults.
 13625 | D:14     | Noticed a centaur warrior
 13653 | D:14     | Killed a centaur warrior
 13653 | D:14     | Reached skill level 5 in Dodging
 13875 | D:14     | Noticed a centaur warrior
 13875 | D:14     | Noticed a four-headed hydra
 13895 | D:14     | Killed a centaur warrior
 14299 | D:15     | Entered Level 15 of the Dungeon
 14333 | D:15     | Reached skill level 10 in Shields
 14373 | D:15     | Noticed Nessos
 14387 | D:15     | Reached skill level 11 in Fighting
 14387 | D:15     | Reached XP level 13. HP: 107/116 MP: 12/12
 14393 | D:15     | Killed Nessos
 14670 | D:15     | Noticed an emperor scorpion
 14680 | D:15     | Killed an emperor scorpion
 14759 | D:15     | Reached skill level 5 in Maces & Flails
 14975 | D:15     | Noticed Agnes
 14994 | D:15     | Killed Agnes
 15105 | D:15     | Noticed a quicksilver dragon
 15119 | D:14     | Reached skill level 1 in Staves
 15271 | Lair:1   | Entered Level 1 of the Lair of Beasts
 15410 | Lair:1   | Noticed Gastronok
 15426 | Lair:1   | Killed Gastronok
 15426 | Lair:1   | Reached skill level 12 in Fighting
 16342 | Lair:2   | Reached ****** piety under Trog
 16430 | Lair:2   | Reached skill level 5 in Staves
 17254 | Lair:3   | Received a gift from Trog
 17971 | Lair:4   | Reached XP level 14. HP: 106/127 MP: 13/13
 18226 | Lair:4   | Found a hole to the Spider Nest.
 18710 | Lair:4   | Found a staircase to the Shoals.
 18967 | Lair:4   | Reached skill level 10 in Staves
 19599 | Lair:5   | Received a gift from Trog
 20245 | Lair:6   | Found a staircase to the Slime Pits.
 21321 | Lair:7   | Received a gift from Trog
 22194 | Lair:8   | Entered Level 8 of the Lair of Beasts
 22224 | Lair:8   | Identified the Volume of the Gliding Frostbite (You found it on level 8 of the Lair of Beasts)
 22339 | Lair:8   | Reached XP level 15. HP: 68/134 MP: 14/14
 22478 | Lair:8   | Reached skill level 15 in Staves
 22757 | Lair:8   | Received a gift from Trog
 23103 | Lair:8   | Received a gift from Trog
 23338 | Lair:8   | Got a scintillating glass ring
 23532 | Lair:8   | Reached skill level 13 in Fighting
 24124 | Lair:1   | Identified the ring "Okham" {rElec Dex+5 Stlth+} (You found it on level 8 of the Lair of Beasts)
 24253 | Orc:1    | Entered Level 1 of the Orcish Mines
 24694 | Orc:1    | Paralysed by an orc sorcerer for 3 turns
 24859 | Orc:2    | Entered Level 2 of the Orcish Mines
 24991 | Orc:2    | Noticed Sonja
 25036 | Orc:2    | Killed Sonja
 25036 | Orc:2    | Received a gift from Trog
 25039 | Orc:2    | Found Dirien's Gadget Shoppe.
 25304 | Orc:2    | Found a roughly hewn altar of Beogh.
 25430 | Orc:2    | Found Agityuf's Antique Armour Boutique.
 25439 | Orc:2    | Bought a glowing cloak for 171 gold pieces
 25458 | Orc:2    | Found Viereoq's Assorted Antiques.
 25473 | Orc:2    | Bought a scroll labeled KEBLAXTALAU for 28 gold pieces
 25473 | Orc:2    | Bought a pair of embroidered boots for 126 gold pieces
 25673 | Orc:2    | Received a gift from Trog
 25686 | Orc:2    | Found a staircase to the Elven Halls.
 25933 | Orc:2    | Found Vanletoepp's Weapon Emporium.
 25978 | Orc:2    | Noticed Maurice
 26018 | Orc:2    | Killed Maurice
 26208 | Orc:2    | Noticed an orc warlord
 26220 | Orc:2    | Killed an orc warlord
 26288 | Orc:2    | Found a roughly hewn altar of Beogh.
 26574 | Orc:2    | Bought a +2 rod of clouds (12/12) for 1235 gold pieces
 27243 | Lair:4   | Received a gift from Trog
 27243 | Lair:4   | Reached skill level 14 in Fighting
 27248 | Lair:4   | Got a fine quarterstaff {god gift}
 27249 | Lair:4   | Identified the +3 quarterstaff "Oboacen" {freeze, rN+} (Trog gifted it to you on level 4 of the Lair of Beasts)
 27276 | Spider:1 | Entered Level 1 of the Spider Nest
 27762 | Spider:1 | Reached XP level 16. HP: 126/146 MP: 15/15
 27783 | Spider:1 | Found a frozen archway.
 27863 | IceCv    | Entered an ice cave
 28620 | Spider:1 | Received a gift from Trog
 29084 | Spider:1 | Reached skill level 10 in Dodging
 29367 | Spider:2 | Reached skill level 15 in Fighting
 29679 | Spider:2 | Received a gift from Trog
 30482 | Spider:2 | Reached skill level 16 in Fighting
 31115 | Spider:3 | Noticed Aizul
 31127 | Spider:3 | Killed Aizul
 31747 | Spider:4 | Entered Level 4 of the Spider Nest
 31781 | Spider:4 | Reached skill level 17 in Fighting
 31879 | Spider:4 | Received a gift from Trog
 31947 | Spider:4 | Reached XP level 17. HP: 135/161 MP: 0/16
 32230 | Spider:4 | Received a gift from Trog
 32368 | Spider:4 | Reached skill level 15 in Armour
 32555 | Spider:4 | Reached skill level 18 in Fighting
 33062 | Spider:4 | Got a gossamer rune of Zot
 33183 | Shoals:1 | Entered Level 1 of the Shoals
 33188 | Shoals:1 | Identified 3 scrolls of acquirement
 33200 | Shoals:1 | Got an ivory lajatang
 33201 | Shoals:1 | Identified the +10 lajatang "Opuntif" {elec, SInv} (You acquired it on level 1 of the Shoals)
 33507 | Shoals:1 | Found a shimmering altar of Xom.
 33569 | Shoals:1 | Noticed Kirke
 33578 | Shoals:1 | Received a gift from Trog
 33588 | Shoals:1 | Killed Kirke
 33589 | Shoals:1 | Found a snail-covered altar of Cheibriados.
 33679 | Shoals:1 | Noticed Louise
 33686 | Shoals:1 | Killed Louise
 34232 | Shoals:2 | Found Nooriant's Gadget Shoppe.
 34386 | Shoals:2 | Found Egycuarch's Book Shop.
 34391 | Shoals:2 | Reached skill level 19 in Fighting
 34427 | Shoals:2 | Found Odwifuij's Armour Shoppe.
 34960 | Shoals:2 | Found Wualigesch's General Store.
 34968 | Shoals:2 | Bought a slice of pizza for 21 gold pieces
 35214 | Shoals:3 | Got a scorched ruby amulet
 35216 | Shoals:3 | Identified the amulet of the Duke {Harm *Drain MR- Str+2 SInv Stlth+} (You found it on level 3 of the Shoals)
 35683 | Shoals:3 | Reached XP level 18. HP: 176/176 MP: 17/17
 35749 | Shoals:3 | Got a warped bronze ring
 35752 | Shoals:3 | Identified the ring of Zisec {rPois rN+ Stlth+} (You acquired it on level 3 of the Shoals)
 36212 | Shoals:3 | Reached skill level 20 in Fighting
 36212 | Shoals:3 | Reached XP level 19. HP: 185/185 MP: 18/18
 36213 | Shoals:3 | Reached XP level 20. HP: 195/195 MP: 19/19
 36276 | Shoals:4 | Entered Level 4 of the Shoals
 36295 | Shoals:4 | Received a gift from Trog
 36531 | Shoals:4 | Reached skill level 21 in Fighting
 36621 | Shoals:4 | Noticed ThereIsNoGod's ghost (adept DsGl)
 36844 | Shoals:4 | Killed ThereIsNoGod's ghost
 36961 | Shoals:4 | Noticed Donald
 36981 | Shoals:4 | Killed Donald
 37030 | Shoals:4 | Noticed Nikola
 37049 | Shoals:4 | Killed Nikola
 37094 | Shoals:4 | Noticed Ilsuiw
 37120 | Shoals:4 | Killed Ilsuiw
 38607 | Shoals:4 | Reached skill level 22 in Fighting
 38651 | Shoals:4 | Got a barnacled rune of Zot
 38848 | Shoals:4 | Received a gift from Trog
 39591 | Vaults:1 | Entered Level 1 of the Vaults
 39892 | Vaults:2 | Noticed Norris
 39907 | Vaults:2 | Killed Norris
 40298 | Vaults:1 | Got a faintly humming leather armour
 40309 | Vaults:1 | Identified the cursed +0 leather armour of the Realm of Zot {Int+3} (You found it on level 1 of the Vaults)
 40586 | Vaults:1 | Got a transparent hat
 40597 | Vaults:1 | Identified the +2 hat of Vanity {MR- Regen+ rCorr Stlth+} (You found it on level 1 of the Vaults)
 40613 | Vaults:1 | Found a radiant altar of Vehumet.
 40619 | Vaults:1 | Got a polished hat
 40626 | Vaults:1 | Received a gift from Trog
 40655 | Vaults:1 | Identified the cursed +0 hat "Zanwy" {rC+} (You found it on level 1 of the Vaults)
 40867 | Vaults:1 | Reached XP level 21. HP: 210/210 MP: 20/20
 40881 | Vaults:1 | Reached skill level 23 in Fighting
 41541 | Vaults:2 | Received a gift from Trog
 41770 | Vaults:2 | Noticed Saint Roka
 41780 | Vaults:2 | Killed Saint Roka
 42286 | Vaults:2 | Received a gift from Trog
 42886 | Vaults:2 | Reached skill level 24 in Fighting
 42996 | Vaults:2 | Found Luwn's Weapon Boutique.
 43362 | Vaults:3 | Received a gift from Trog
 43666 | Vaults:3 | Found a staircase to the Crypt.
 43943 | Vaults:3 | Found a roughly hewn altar of Beogh.
 44594 | Vaults:3 | Received a gift from Trog
 45406 | Vaults:3 | Noticed Margery
 45410 | Vaults:3 | Killed Margery
 45410 | Vaults:3 | Reached skill level 25 in Fighting
 45633 | Vaults:3 | Received a gift from Trog
 45633 | Vaults:3 | Reached XP level 22. HP: 225/226 MP: 21/21
 46676 | Vaults:4 | Got an ancient wooden ring
 46679 | Vaults:4 | Identified the ring "Basmetast" {MR+ MP+9} (You acquired it on level 4 of the Vaults)
 46805 | Vaults:4 | Received a gift from Trog
 47560 | Vaults:4 | Reached skill level 26 in Fighting
 47609 | Vaults:4 | Found Wifott's Assorted Antiques.
 47617 | Vaults:4 | Bought a potion of heal wounds for 120 gold pieces
 47617 | Vaults:4 | Bought a scroll of blinking for 180 gold pieces
 47617 | Vaults:4 | Bought a potion of haste for 240 gold pieces
 47925 | Vaults:5 | Entered Level 5 of the Vaults
 47942 | Vaults:5 | Received a gift from Trog
 48338 | Vaults:5 | Noticed a golden dragon
 48355 | Vaults:5 | Killed a golden dragon
 48702 | Vaults:5 | Reached skill level 27 in Fighting
 48729 | Vaults:5 | Reached XP level 23. HP: 152/240 MP: 22/22
 48732 | Vaults:5 | Received a gift from Trog
 48809 | Vaults:4 | Hit by a large rock thrown by a stone giant

Skill      XL: |  1  2  3  4  5  6  7  8  9 10 11 12 13 14 15 16 17 18 19 20 21 22 |
---------------+-------------------------------------------------------------------+-----
Fighting       | 4 5 6 7 8 9 11 12 14 17 19 20 22 25 27 | 27.0
Armour         | 3 4 6 8 9 10 11 12 14 16 17 19 21 | 21.6
Axes           | 4 5 6 8 9 11 13 17 | 17.9
Shields        | 1 2 3 4 6 7 8 10 | 10.7
Dodging        | 5 6 9 10 | 10.0
Maces & Flails | 4 5 |  5.7
Staves         | 7 14 16 17 | 17.0

Action                   |  1- 3 |  4- 6 |  7- 9 | 10-12 | 13-15 | 16-18 | 19-21 | 22-24 || total
-------------------------+-------+-------+-------+-------+-------+-------+-------+-------++-------
Melee: Hand axe          |   105 |    69 |       |       |       |       |       |       ||   174
       Headbutt          |    16 |    14 |    56 |   161 |   302 |   324 |   308 |   134 ||  1315
       War axe           |       |    24 |    95 |   547 |       |       |       |       ||   666
       Flail             |       |       |   234 |   273 |   143 |       |       |       ||   650
       Whip              |       |       |       |    11 |       |       |       |       ||    11
       Lajatang          |       |       |       |       |  1202 |  1015 |   987 |   405 ||  3609
       Quarterstaff      |       |       |       |       |    78 |   110 |       |       ||   188
       Executioner's axe |       |       |       |       |     7 |       |       |       ||     7
Invok: Berserk           |       |     5 |     4 |    16 |    29 |    15 |    33 |     4 ||   106
       Burn Spellbooks   |       |       |     1 |     1 |     1 |     1 |     1 |     1 ||     6
       Brothers in Arms  |       |       |       |       |     3 |     8 |     6 |     2 ||    19
       Trog's Hand       |       |       |       |       |       |     4 |     3 |     2 ||     9
Evoke: Deck              |       |     1 |       |       |       |       |       |       ||     1
       Wand              |       |       |       |       |     5 |       |     1 |       ||     6
  Use: Scroll            |       |       |     8 |    11 |    25 |     7 |     9 |     3 ||    63
       Potion            |       |       |       |       |     3 |     7 |     1 |     3 ||    14
 Stab: Distracted        |       |       |       |       |       |       |     1 |     2 ||     3
  Eat: Chunk             |     3 |     8 |     7 |    26 |    57 |    17 |    37 |     7 ||   162
       Bread ration      |       |       |     2 |     3 |     2 |     2 |     1 |       ||    10
       Beef jerky        |       |       |       |     1 |       |     3 |     1 |       ||     5
       Pizza             |       |       |       |     1 |     3 |     2 |       |       ||     6
       Meat ration       |       |       |       |       |     1 |       |     3 |     1 ||     5
       Fruit             |       |       |       |       |     2 |    10 |     7 |     2 ||    21
Armor: Chain mail        |    52 |    47 |   157 |   255 |   550 |   446 |   115 |       ||  1622
       Plate armour      |       |       |       |       |       |       |   168 |   154 ||   322
Dodge: Dodged            |    31 |    14 |    59 |   135 |   575 |   553 |   384 |   193 ||  1944
Block: Large shield      |     6 |    60 |   342 |   734 |   134 |       |       |       ||  1276
